 Dungeon Crawl Stone Soup version 0.27-a0-535-g7eaf864cf9 (webtiles) character file.

Game seed: 8760699461734538812

8267 Grimdewald the Jinx (level 11, -3/54 HPs)
             Began as a Felid Enchanter on Mar 6, 2021.
             Was a Believer of Ashenzari.
             Slain by Snorg (18 damage)
             ... on level 6 of the Lair of Beasts.
             The game lasted 01:24:26 (23839 turns).

Grimdewald the Jinx (Felid Enchanter)              Turns: 23839, Time: 01:24:27

Health: -3/54      AC:  3    Str:  6    XL:     11   Next: 7%
Magic:  25/25      EV: 25    Int: 20    God:    Ashenzari [**....]
Gold:   484        SH:  5    Dex: 18    Spells: 19/29 levels left
                                        Lives:  0   Deaths: 2

rFire    . . .     SeeInvis +     - Unarmed
rCold    + . .     Faith    .   (shield unavailable)
rNeg     . . .     Spirit   .   (armour unavailable)
rPois    +         Reflect  +   (helmet unavailable)
rElec    .         Harm     .   (cloak unavailable)
rCorr    .         Rampage  .   (gloves unavailable)
Will     ++...                  (boots unavailable)
Stlth    ++++++....             v - amulet of Ashenzari's Lethargy {Reflect SH+5, Bglg, Self} (curse)
HPRegen  0.18/turn              z - ring of Gehireick {Will+ Str+2 Slay+3}
MPRegen  0.19/turn              x - ring of poison resistance

@: quick
A: very small, claws 1, fangs 3, see invisible, speed 1, shaggy fur 3, stealthy
paws, no weapons or thrown items, no armour, multi-lived
a: Renounce Religion, Curse Item, Shatter the Chains


You were on level 6 of the Lair of Beasts.
You worshipped Ashenzari.
Ashenzari was pleased with you.
You visited 3 branches of the dungeon, and saw 15 of its levels.

You collected 601 gold pieces.
You spent 117 gold pieces at shops.

Inventory:

Jewellery
 l - a ring of ice
 o - a +6 ring of strength
 v - the cursed amulet of Ashenzari's Lethargy (around neck) {Reflect SH+5, Bglg, Self}
   (You found it on level 7 of the Dungeon)

   [amulet of reflection]

   It shields you and reflects attacks.
   It affects your SH (+5).
   It has a curse placed upon it.
 w - a ring of protection from cold
 x - a ring of poison resistance (right paw)
 z - the ring of Gehireick (left paw) {Will+ Str+2 Slay+3}
   (You found it on level 8 of the Dungeon)

   [ring of willpower]

   It affects your strength (+2).
   It affects your accuracy and damage with ranged weapons and melee attacks
   (+3).
   It affects your willpower, your defense against some magical effects.
 D - a ring of wizardry
 E - a +6 ring of dexterity
 F - an amulet of magic regeneration
 G - an amulet of the acrobat
Wands
 f - a wand of flame (15)
 k - a wand of polymorph (9)
 n - a wand of paralysis (7)
 p - a wand of random effects (43)
 t - a wand of charming (10)
 y - a wand of digging (8)
 H - a wand of mindburst (7)
Scrolls
 c - 5 scrolls of fear
 e - 6 scrolls of teleportation
 g - 2 scrolls of magic mapping
 i - 3 scrolls of amnesia
 m - a scroll of torment
 q - a scroll of blinking
 r - 2 scrolls of immolation
 u - 4 scrolls of fog
 B - a scroll of silence
Potions
 a - 3 potions of ambrosia
 b - 4 potions of heal wounds {@q2}
 d - a potion of might
 h - 3 potions of mutation
 j - 7 potions of curing {@q1}
 s - a potion of lignification
 A - 2 potions of flight
 C - 2 potions of haste
 I - a potion of invisibility


   Skills:
 + Level 8.2(10.1) Fighting
 + Level 11.0 Dodging
 + Level 12.1 Stealth
 + Level 8.6 Unarmed Combat
 + Level 7.8(9.8) Spellcasting
 + Level 4.8(6.6) Conjurations
 + Level 12.3(14.0) Hexes
 + Level 4.9 Fire Magic


You had 19 spell levels left.
You knew the following spells:

 Your Spells              Type           Power      Damage    Failure   Level
a - Corona                Hex            66%        N/A       1%          1
b - Ensorcelled Hibernat  Hex/Ice        74%        N/A       1%          2
c - Confusing Touch       Hex            60%        N/A       1%          3
d - Tukima's Dance        Hex            60%        N/A       1%          3
e - Foxfire               Conj/Fire      100%       2x1d9     1%          1

Your spell library contained the following spells:

 Spells                   Type           Power      Damage    Failure   Level
 Conjure Flame            Conj/Fire      33%        6-21      1%          3
 Dazzling Flash           Conj/Hex       100%       N/A       1%          3
 Inner Flame              Hex/Fire       47%        N/A       1%          3
 Cause Fear               Hex            30%        N/A       1%          4
 Sticky Flame             Conj/Fire      33%        2d5       6%          4
 Silence                  Hex/Air        18%        N/A       11%         5
 Yara's Violent Unravell  Hex/Tmut       18%        3d9       11%         5
 Fireball                 Conj/Fire      16%        3d8       19%         5
 Discord                  Hex            30%        N/A       83%         8


Dungeon Overview and Level Annotations

Branches:
Dungeon (8/15)             Temple (1/1) D:6            Lair (6/6) D:8
  Swamp (0/4) Lair:2        Snake (0/4) Lair:3        Slime (0/5) Lair:5

Altars:
Ashenzari
Cheibriados
Dithmenos
Elyvilon
Fedhas
Gozag
Hepliaklqana
Kikubaaqudgha
Makhleb
Nemelex Xobeh
Okawaru
Qazlal
Ru
Sif Muna
Trog
Uskayaw
Vehumet
Wu Jian
Xom
Yredelemnul
Zin
The Shining One
Jiyva

Shops:
D:5 *

Annotations:
D:4 1 runed translucent door, 1 exclusion
D:5 1 exclusion
D:6 1 runed translucent door, chipmonk's ghost, novice GnFi
D:7 exclusion: 2 downstairs, Harold
D:8 Grum
Lair:2 exclusions: 2 downstairs and upstairs
Lair:3 2 transporters
Lair:5 exclusion: hydra
Lair:6 exclusions: oklob plant and 1 more exclusion, Snorg


Innate Abilities, Weirdness & Mutations

You have sharp claws.
You have razor-sharp teeth.
You have supernaturally acute eyesight. (SInv)
You cover ground quickly. (Speed+)
Your thick and shaggy fur keeps you warm. (AC +3, rC+)
Your stealthy paws help you sneak and pounce on unaware monsters.
You are incapable of wielding weapons or throwing items.
You cannot wear armour.
You gain extra lives every three experience levels.


Message History

Key pressed, stopping explore.
Key pressed, stopping explore.
Key pressed, stopping explore.
Found a scroll of identify.
An oklob plant comes into view.
Marking area around an oklob plant as unsafe for travelling.
Found a stone staircase leading up.
H - a wand of mindburst (7)
A manticore comes into view.
You pounce on the unaware helpless manticore!
You eviscerate the manticore!!!
You kill the manticore!
You see here a manticore corpse.
Ashenzari invites you to partake of a vision and a curse of beguiling and alchemy.
A catoblepas comes into view.
A basilisk comes into view.
You pounce on the unaware helpless basilisk!
You eviscerate the basilisk!!!
You kill the basilisk!
You see here a basilisk corpse.
You see here a basilisk corpse.
Key pressed, stopping explore.
You see here 19 arrows.
A blink frog comes into view.
Found 18 gold pieces.
Found a potion of invisibility.
Found a scroll of fog.
You now have 484 gold pieces (gained 18).
I - a potion of invisibility
u - 4 scrolls of fog (gained 1)
You open the door.
There is an open door here.
A cane toad comes into view.
Found 11 gold pieces.
Casting: Confusing Touch (safe; 1% risk of failure)
Confirm with . or Enter, or press ? or * to list all spells.
Aiming: Ensorcelled Hibernation (safe; 1% risk of failure)
Press: ? - help, Shift-Dir - straight line, f - cane toad
Aim: a cane toad (wandering, hasn't noticed you, chance to affect: 65%)
The cane toad gives a loud, deep croak!
The cane toad looks drowsy...
Found a scroll of vulnerability.
The cane toad croaks.
Snorg shouts!
You barely miss the cane toad. You block the cane toad's attack.
The cane toad stings you.
Snorg goes berserk!
Snorg bites you! Snorg claws you!!
* * * LOW HITPOINT WARNING * * *
Snorg claws you!!
You die...

P###.#..
...?..#..............#
##.##...
.#...#...#......##....
...#P.. T #..P#...#####.##
#* . .....P...,
#...*#...#####..#.# ,
....#.... ... #....##.#'#.#
. ......... P..
##....#....+P...*
...#.....# *
##..+.......PP..#
.+..#....##*
*###TF.#####.#.##...
..##.#.....####.@...##
*#.### #..
P....................###.##
* .#
....................#..#.
,,
......................... ,
,,
..........................
,,
...<......................
,
...[..........#.#.........
, .........###...#......#..
..........##....#....#.. *


You could see Snorg (berserk) and a cane toad.

Vanquished Creatures
  4 hydras
  2 boulder beetles
  Urug (Lair:5)
  Nergalle (Lair:3)
  A manticore (Lair:6)
  Maurice (D:7)
  2 black mambas
  9 cane toads
  4 rime drakes
  4 komodo dragons
  A polar bear (Lair:6)
  16 blink frogs
  10 dream sheep
  17 yaks
  A wyvern (Lair:2)
  5 basilisks
  A steam dragon (D:8)
  A naga (Lair:3)
  6 water moccasins
  2 sky beasts
  A necrophage (D:6)
  3 ogres
  A centaur (D:8)
  8 wolves
  A lemure (D:7)
  2 kobold brigands (D:7)
  A phantom (D:7)
  10 bullfrogs
  2 wights (D:8)
  A howler monkey (D:5)
  2 electric eels
  A bullfrog zombie (D:7)
  A quasit (D:4)
  6 hounds
  2 jellies
  A gnoll shaman (D:7)
  2 bullfrog skeletons
  Jessica (D:2)
  2 iguanas
  5 worker ants
  2 orc wizards
  6 hell rats
  A wolf simulacrum (Lair:3)
  A hound zombie (D:7)
  4 gnolls (D:7)
  A howler monkey skeleton (D:5)
  8 adders
  A shadow imp (D:7)
  2 white imps
  2 ufetubi (D:5)
  An ooze (D:3)
  An adder skeleton (D:6)
  3 worms
  2 dart slugs (D:1)
  6 leopard geckos
  9 orcs
  2 ball pythons
  9 bats
  7 giant cockroaches
  14 goblins
  6 hobgoblins
  8 jackals
  14 kobolds
  7 quokkas
  4 frilled lizards
  A quokka skeleton (D:8)
  2 rats (D:1)
  A river rat simulacrum (Lair:3)
  A foxfire (Lair:2)
268 creatures vanquished.

Vanquished Creatures (collateral kills)
  3 nagas (Lair:3)
  A necrophage (D:6)
  4 ogres
  3 wights (D:8)
  A foxfire (Lair:2)
12 creatures vanquished.

Vanquished Creatures (others)
  4 dancing weapons
  A bush (Lair:1)
  152 foxfires
  54 fungi
  61 plants
272 creatures vanquished.

Grand Total: 552 creatures vanquished

Notes
Turn   | Place    | Note
-------+----------+-------------------------------------------
     0 | D:1      | Grimdewald the Felid Enchanter began the quest for the Orb.
     0 | D:1      | Reached XP level 1. HP: 7/7 MP: 4/4
   437 | D:1      | Reached XP level 2. HP: 9/12 MP: 4/6
   449 | D:1      | Learned a level 2 spell: Ensorcelled Hibernation
  1756 | D:2      | Noticed Jessica
  1837 | D:1      | Reached skill level 1 in Fighting
  1854 | D:1      | Reached XP level 3. HP: 15/15 MP: 1/7
  1858 | D:1      | Learned a level 3 spell: Confusing Touch
  1889 | D:2      | Killed Jessica
  2541 | D:2      | Reached XP level 4. HP: 19/19 MP: 3/8
  2912 | D:2      | Reached skill level 5 in Hexes
  3849 | D:3      | Noticed an orc warrior
  4337 | D:3      | Found a faded altar of an unknown god.
  4626 | D:3      | Reached XP level 5. HP: 22/22 MP: 6/9
  4664 | D:2      | Learned a level 3 spell: Tukima's Dance
  5010 | D:4      | Found a runed translucent door.
  5321 | D:4      | Reached skill level 5 in Stealth
  5701 | D:4      | Noticed a phantom
  5979 | D:5      | Entered Level 5 of the Dungeon
  6156 | D:5      | Found an opulent altar of Gozag.
  6190 | D:5      | Gained mutation: You are covered in thick fur. (AC +2)
                  | [Felid growth]
  6190 | D:5      | Reached XP level 6. HP: 26/26 MP: 8/11
  6310 | D:5      | Found an opulent altar of Gozag.
  6479 | D:5      | Found Zileh's Assorted Antiques.
  6483 | D:5      | Bought a scroll labelled NINLOQY NAJO for 30 gold pieces
  6483 | D:5      | Bought a scroll labelled YLIN PEOVEPLOA for 30 gold pieces
  6483 | D:5      | Bought a sedimented coppery potion for 27 gold pieces
  6483 | D:5      | Bought a scroll labelled KIOWUT RUANEG for 30 gold pieces
  6524 | D:5      | Noticed an ice beast
  7391 | D:5      | Reached XP level 7. HP: 18/30 MP: 6/12
  7854 | D:6      | Found a staircase to the Ecumenical Temple.
  7862 | Temple   | Entered the Ecumenical Temple
  8069 | Temple   | Became a worshipper of Ashenzari the Shackled
  8114 | D:6      | Found a runed translucent door.
  8124 | D:6      | Noticed chipmonk's ghost (novice GnFi)
  8501 | D:6      | Identified the +5 ring mail of Gluttony {rF++ Stlth-}
  8581 | D:6      | Reached skill level 5 in Dodging
  9711 | D:7      | Reached XP level 8. HP: 20/34 MP: 8/14
 10253 | D:7      | Found a snail-covered altar of Cheibriados.
 10379 | D:7      | Noticed Harold
 11363 | D:7      | Found an iron altar of Okawaru.
 11528 | D:7      | Found a sparkling altar of Nemelex Xobeh.
 11528 | D:7      | Found a hazy altar of Hepliaklqana.
 11529 | D:7      | Found a shadowy altar of Dithmenos.
 11970 | D:8      | Noticed a troll
 11994 | D:7      | Reached * piety under Ashenzari
 11994 | D:7      | Reached ** piety under Ashenzari
 12130 | D:8      | Noticed Maurice
 12135 | D:7      | Killed Maurice
 12136 | D:7      | Reached skill level 5 in Unarmed Combat
 12173 | D:7      | Reached XP level 9. HP: 33/42 MP: 15/19
 12413 | D:8      | Found a shimmering blue altar of Sif Muna.
 12480 | D:8      | Identified the ring of Gehireick {Will+ Str+2 Slay+3}
 12558 | D:8      | Noticed Grum
 12635 | D:8      | Found a staircase to the Lair.
 12636 | D:8      | Noticed a komodo dragon
 13037 | D:8      | Killed a komodo dragon
 13038 | D:8      | Reached skill level 5 in Fighting
 13038 | D:8      | Reached skill level 5 in Spellcasting
 13100 | Lair:1   | Entered Level 1 of the Lair of Beasts
 13102 | Lair:1   | Noticed a cane toad
 13122 | Lair:1   | Killed a cane toad
 13174 | Lair:1   | Noticed a komodo dragon
 13810 | D:8      | Killed a komodo dragon
 14182 | Lair:1   | Noticed a polar bear
 14221 | Lair:1   | Noticed a death yak
 14222 | Lair:1   | Identified the +3 long sword "Pibb" {venom, Str+2 Dex+2}
 14334 | Lair:1   | Reached XP level 10. HP: 38/47 MP: 19/22
 14580 | Lair:1   | Noticed a seven-headed hydra
 14599 | Lair:1   | Learned a level 1 spell: Foxfire
 14697 | Lair:2   | Noticed a four-headed hydra
 14715 | Lair:2   | Noticed a cane toad
 14793 | Lair:1   | Noticed a death yak
 14793 | Lair:1   | Noticed a death yak
 14793 | Lair:1   | Noticed a death yak
 15089 | Lair:2   | Noticed a cane toad
 15228 | Lair:2   | Noticed a five-headed hydra
 15627 | Lair:2   | Found a staircase to the Swamp.
 15798 | Lair:2   | Killed a cane toad
 15799 | Lair:2   | Reached skill level 1 in Conjurations
 15799 | Lair:2   | Reached skill level 10 in Hexes
 15799 | Lair:2   | Reached skill level 1 in Fire Magic
 15807 | Lair:2   | Killed a cane toad
 15808 | Lair:2   | Reached skill level 10 in Stealth
 16176 | Lair:2   | Killed a five-headed hydra
 16685 | Lair:2   | Noticed a five-headed hydra
 16906 | Lair:2   | Killed a four-headed hydra
 16907 | Lair:2   | Reached XP level 11. HP: 34/52 MP: 19/24
 17129 | Lair:1   | Killed a five-headed hydra
 18149 | Lair:3   | Noticed Nergalle
 18277 | Lair:3   | Found a transporter.
 18768 | Lair:3   | Noticed a necromancer
 18983 | Lair:3   | Noticed a boulder beetle
 18994 | Lair:3   | Killed a boulder beetle
 18995 | Lair:3   | Reached skill level 10 in Dodging
 19296 | Lair:3   | Found a staircase to the Snake Pit.
 19823 | Lair:3   | Killed Nergalle
 20033 | Lair:3   | Found a transporter.
 20039 | Lair:3   | Gained mutation: Your thick and shaggy fur keeps you warm.
                  | (AC +3, rC+) [Felid growth]
 20039 | Lair:3   | Reached XP level 12. HP: 57/57 MP: 26/26
 20412 | Lair:4   | Found an ornate altar of the Wu Jian Council.
 20412 | Lair:4   | Noticed a boulder beetle
 21111 | Lair:4   | Noticed a five-headed hydra
 21145 | Lair:4   | Killed a five-headed hydra
 21269 | Lair:4   | Found a hide-covered altar of Uskayaw.
 21804 | Lair:4   | Slain by a dream sheep
 21805 | Lair:4   | Reached XP level 11. HP: 0/54 MP: 18/25
 21991 | Lair:4   | Killed a boulder beetle
 22279 | Lair:5   | Noticed an eight-headed hydra
 22284 | Lair:5   | Found a viscous altar of Jiyva.
 22284 | Lair:5   | Found a staircase to the Slime Pits.
 22355 | Lair:5   | Noticed a six-headed hydra
 22382 | Lair:5   | Noticed Urug
 22414 | Lair:5   | Killed Urug
 22448 | Lair:5   | Identified the +4 scale mail of Slimy the Leaf {Slay+3}
 22969 | Lair:5   | Mangled by a dream sheep
 22970 | Lair:5   | Reached XP level 10. HP: -8/51 MP: 17/24
 23226 | Lair:6   | Entered Level 6 of the Lair of Beasts
 23226 | Lair:6   | Noticed a black mamba
 23231 | Lair:6   | Killed a black mamba
 23238 | Lair:6   | Noticed Snorg
 23287 | Lair:6   | Noticed a black mamba
 23437 | Lair:6   | Reached XP level 11. HP: 38/54 MP: 16/25
 23528 | Lair:6   | Found a shimmering altar of Xom.
 23585 | Lair:6   | Noticed an oklob plant
 23657 | Lair:6   | Noticed a catoblepas
 23839 | Lair:6   | Slain by Snorg

Illustrated notes

Levels and vault maps discovered:
D:1:      zaba_arrival_water, layout_basic
D:2:      layout_basic, minmay_stone_trees_medium, uniq_jessica
D:3:      layout_rooms, chequers_ecumenical_altar_simple_redux
D:4:      layout_basic, hangedman_decor_peaks_small, uniq_crazy_yiuf_cottage
D:5:      kennysheep_six_static_rooms, layout_basic, kennysheep_mini_moat,
          serial_shops, nicolae_shop_behind_doors, columned_hall_lemuel,
          grunt_gozag_breadcrumbs
D:6:      layout_gridville, minmay_temple_entry_glassed_door,
          ebering_ghost_sewer_d, minmay_ogre_servants
D:7:      layout_loops_cross, gammafunk_temple_overflow_claw,
          lemuel_crystal_altar, cheibrodos_worm_habitat, uniq_harold, uniq_pikel
D:8:      layout_basic, kennysheep_little_box, david_lair_shrubbed, uniq_grum,
          uniq_maggie, uniq_maurice
Temple:   eino_temple_rhombus
Lair:1:   layout_roguey, minmay_hedge_maze, grunt_megastairs_2,
          serial_bayou_shore_a
Lair:2:   layout_gridlike, swamp_mist, infiniplex_staircase_pool,
          grunt_megastairs_5
Lair:3:   gammafunk_cloud_chamber, layout_concentric_octagons,
          guppyfry_snake_entry_island, eino_house_with_fridge, uniq_nergalle
Lair:4:   layout_roguey, nicolae_quartered_pool_little,
          nzn_masters_of_martial_movement, lemuel_fruit_tree
Lair:5:   layout_roguey, dpeg_slime_entry_enclosed_altar, grunt_megastairs_4,
          uniq_urug
Lair:6:   evilmike_catoblepas_cave, layout_regular_city, basic_altar,
          dpeg_oklob_1, uniq_snorg

Skill      XL: |  1  2  3  4  5  6  7  8  9 10 11 12 |
---------------+-------------------------------------+-----
Dodging        | 3 4 5 6 8 11 10 | 11.0
Fighting       | 1 2 3 4 5 6 8 |  8.2
Unarmed Combat | 2 3 4 5 6 7 8 |  8.6
Hexes          | 5 6 8 9 10 11 12 | 12.3
Stealth        | 5 6 7 9 10 12 | 12.1
Spellcasting   | 3 4 5 6 7 |  7.8
Conjurations   | 2 3 4 |  4.8
Fire Magic     | 2 3 4 |  4.9

Action                   |  1- 3 |  4- 6 |  7- 9 | 10-12 || total
-------------------------+-------+-------+-------+-------++-------
Melee: Unarmed           |    57 |   181 |   298 |   355 ||   891
       Bite              |     5 |    16 |    31 |    39 ||    91
       Punch             |       |     1 |     4 |     9 ||    14
 Cast: Corona            |     3 |     6 |     4 |       ||    13
       Ensorcelled Hiber |    23 |    47 |    53 |   107 ||   230
       Confusing Touch   |     3 |    11 |    28 |    68 ||   110
       Tukima's Dance    |       |     2 |    19 |    12 ||    33
       Foxfire           |       |       |       |    93 ||    93
Invok: Curse Item        |       |       |     1 |       ||     1
  Use: Potion            |       |       |     1 |     1 ||     2
       Scroll            |       |       |       |     1 ||     1
 Stab: Sleeping          |    22 |    31 |    34 |    47 ||   134
       Confused          |     1 |    10 |    17 |    48 ||    76
Armor: Skin              |     4 |     6 |     6 |    11 ||    27
Dodge: Dodged            |    25 |   161 |   193 |   267 ||   646
Block: Other             |       |       |    14 |    49 ||    63
       Reflection        |       |       |     1 |     1 ||     2

Table legend: (Time is in decaauts)
 A = Elapsed time spent in this place.
 B = Non-inter-level travel time spent in this place.
 C = Inter-level travel time spent in this place.
 D = Time resting spent in this place.
 E = Time spent auto-exploring this place.
 F = Levels seen in this place.
 G = Mean time per level.
                   A        B        C        D        E       F      G
               +--------+--------+--------+--------+--------+-----+--------+
         Total |  21274 |  20449 |    825 |   3915 |   9707 |  15 | 1418.3 |
       Dungeon |  12240 |  11644 |    596 |   1748 |   6391 |   8 | 1530.0 |
        Temple |    175 |    152 |     23 |      0 |    149 |   1 |  175.0 |
          Lair |   8858 |   8652 |    206 |   2166 |   3166 |   6 | 1476.3 |
               +--------+--------+--------+--------+--------+-----+--------+

Top non-repeatable levels by time:
  Lair:2: 3261 daAuts
     D:7: 2219 daAuts
     D:6: 1866 daAuts
  Lair:4: 1719 daAuts
     D:2: 1667 daAuts
     D:1: 1582 daAuts
  Lair:1: 1432 daAuts
     D:3: 1337 daAuts
     D:8: 1211 daAuts
     D:4: 1198 daAuts
     D:5: 1157 daAuts
  Lair:3: 1076 daAuts
  Lair:5: 834 daAuts
  Lair:6: 533 daAuts
  Temple: 175 daAuts
